 Dungeon Crawl Stone Soup version 0.20.1-1-g8b1a95d (webtiles) character file.

3979 nightchill the Grappler (level 10, -1/96 HPs)
             Began as a Troll Monk on Dec 27, 2017.
             Was an Elder of Okawaru.
             Slain by an orc
             ... wielding a +0 trident
              (5 damage)
             ... on level 9 of the Dungeon.
             The game lasted 00:22:48 (7598 turns).

nightchill the Grappler (Troll Monk)                Turns: 7598, Time: 00:22:49

Health: -1/96      AC:  5    Str: 24    XL:     10   Next: 2%
Magic:  10/12      EV: 17    Int: 11    God:    Okawaru [****..]
Gold:   288        SH:  0    Dex: 17    Spells: 9/9 levels left

rFire    . . .     SeeInvis +     - Unarmed
rCold    . . .     Gourm    +   (no shield)
rNeg     . . .     Faith    .   a - +0 robe
rPois    .         Spirit   .   (helmet restricted)
rElec    .         Reflect  .   (no cloak)
rCorr    .         Harm     .   (gloves unavailable)
MR       .....                  (boots unavailable)
Stlth    +++.......             (no amulet)
Regen    0.7/turn               e - +5 ring of dexterity
MPRegen  0.2/turn               s - ring of see invisible

@: brilliant, heroism
A: unfitting armour, claws 3, fast metabolism 3, gourmand, regeneration 1,
shaggy fur 1, tough skin 2
a: Heroism, Renounce Religion


You were on level 9 of the Dungeon.
You worshipped Okawaru.
Okawaru was greatly pleased with you.
You were completely stuffed.

You visited 2 branches of the dungeon, and saw 10 of its levels.

You collected 288 gold pieces.

Inventory:

Hand Weapons
 r - a +1 hunting sling of velocity
Missiles
 g - 202 stones
 j - 6 tomahawks of dispersal
 z - 3 large rocks (quivered)
Armour
 a - a +0 robe (worn)
Jewellery
 e - a +5 ring of dexterity (left claw)
 k - an uncursed ring of positive energy
 q - a +2 ring of dexterity
 s - a ring of see invisible (right claw)
Wands
 F - a wand of confusion (40/48)
Scrolls
 c - 9 scrolls of identify
 h - 2 scrolls of immolation
 n - 4 scrolls of remove curse
 o - 3 scrolls of fear
 y - 2 scrolls of amnesia {unknown}
 B - 3 scrolls of teleportation
 C - 2 scrolls of enchant armour {unknown}
 D - a scroll of recharging {unknown}
Potions
 d - 6 potions of curing
 m - a potion of resistance {unknown}
 p - a potion of lignification {unknown}
 t - 2 potions of might {unknown}
 u - a potion of agility {unknown}
 x - a potion of brilliance
 A - a potion of mutation {unknown}
 E - a potion of berserk rage {unknown}
 G - a potion of ambrosia {unknown}
 H - a potion of magic {unknown}
Books
 f - a book of Changes

   Spells                             Type                      Level
   a - Beastly Appendage              Transmutation                1
   b - Sticks to Snakes               Transmutation                2
   c - Spider Form                    Transmutation/Poison         3
   d - Ice Form                       Ice/Transmutation            4
   e - Blade Hands                    Transmutation                5
Miscellaneous
 l - a fan of gales
Comestibles
 b - 13 bread rations
 i - 4 meat rations
 v - 3 royal jellies
 w - 15 fruits
 I - 4 chunks of flesh


   Skills:
 + Level 5.5(10.5) Fighting
 + Level 5.5(10.5) Dodging
 - Level 1.0(6.0) Stealth
 + Level 10.7(15.7) Unarmed Combat
 + Level 5.0 Invocations


You had 9 spell levels left.
You didn't know any spells.

Dungeon Overview and Level Annotations

Branches:
Dungeon (9/15)             Temple (1/1) D:6            Lair (0/6) D:9
    Orc: D:9-12

Altars:
Cheibriados
Dithmenos
Elyvilon
Fedhas
Okawaru
Qazlal
Ru
Sif Muna
Trog
Yredelemnul

Annotations:
D:4 exclusion: downstairs


Innate Abilities, Weirdness & Mutations

You are too large for most types of armour.
You have claws for hands.
Your metabolism is lightning-fast.
You like to eat raw meat.
Your natural rate of healing is unusually fast.
You are covered in fur. (AC +1)
You have very tough skin. (AC +2)


Message History

The warg is almost dead.
The warg bites you!
* * * LOW HITPOINT WARNING * * *
The orc barely misses you.
You scratch the warg but do no damage.
The warg is almost dead.
The warg completely misses you.
You closely miss the warg.
The warg is almost dead.
The orc barely misses you. The warg bites you!
* * * LOW HITPOINT WARNING * * *
You scratch the warg but do no damage.
The warg is almost dead.
The orc barely misses you. The warg bites you!
* * * LOW HITPOINT WARNING * * *
It was a potion of brilliance.
You feel clever all of a sudden. The warg misses you.
The orc hits you from afar with a trident.
You die...

##########
##........#
##############
######.#.#####.#
#.............
......###..# #.#
#.############
######.# #)# #.#
#)#
#.##.###.#####)#
.##....#h@..).#
##.###o#######
#.# #...#
####...##
#.....#
#.....%.#
#.......#
....o...(
...}......#


You could see a warg and an orc.

Vanquished Creatures
  A two-headed ogre (D:8)
  A spriggan (D:7)
  A wyvern (D:8)
  The ghost of Inarius the Chiller, an amateur DgIE (D:4)
  A warg (D:9)
  2 sky beasts
  3 ice beasts
  A phantom (D:4)
  A black bear (D:7)
  A necrophage (D:6)
  2 centaurs
  An ogre (D:4)
  A crocodile (D:9)
  The ghost of OnekoMk1 the Magician, an amateur DEAE (D:3)
  A big kobold (D:8)
  2 bullfrogs (D:8)
  3 scorpions
  9 wights
  A crimson imp (D:8)
  2 jellies (D:7)
  3 orc priests
  3 hounds
  A centaur skeleton (D:6)
  An iguana (D:8)
  7 orc wizards
  4 worker ants
  Terence (D:2)
  A hound zombie (D:9)
  9 adders
  6 gnolls
  2 adder skeletons
  2 worms
  A dart slug (D:4)
  9 leopard geckos
  20 orcs
  10 giant cockroaches
  6 goblins
  9 hobgoblins
  19 jackals
  17 kobolds
  2 quokkas
  9 bats
  2 jackal skeletons
  A leopard gecko skeleton (D:7)
  10 rats
  A plant (D:2)
192 creatures vanquished.

Notes
Turn   | Place    | Note
-------+----------+-------------------------------------------
     0 | D:1      | nightchill the Troll Monk began the quest for the Orb.
     0 | D:1      | Reached XP level 1. HP: 22/22 MP: 0/0
    76 | D:1      | Reached XP level 2. HP: 27/29 MP: 1/1
   475 | D:1      | Reached skill level 4 in Unarmed Combat
   551 | D:1      | Reached XP level 3. HP: 33/36 MP: 2/2
  1464 | D:2      | Noticed Terence
  1474 | D:2      | Killed Terence
  1474 | D:2      | Reached skill level 5 in Unarmed Combat
  1474 | D:2      | Reached XP level 4. HP: 34/44 MP: 3/3
  1927 | D:3      | Noticed OnekoMk1's ghost (amateur DEAE)
  1934 | D:3      | Killed OnekoMk1's ghost
  1934 | D:3      | Reached skill level 6 in Unarmed Combat
  1934 | D:3      | Reached XP level 5. HP: 42/50 MP: 4/4
  2552 | D:4      | Noticed a phantom
  2578 | D:4      | Killed a phantom
  2578 | D:4      | Reached skill level 7 in Unarmed Combat
  2578 | D:4      | Reached XP level 6. HP: 38/59 MP: 5/5
  2633 | D:4      | Noticed Inarius's ghost (amateur DgIE)
  2645 | D:4      | Killed Inarius's ghost
  2674 | D:4      | Noticed an ice beast
  2689 | D:4      | Killed an ice beast
  2689 | D:4      | Reached skill level 8 in Unarmed Combat
  2689 | D:4      | Reached XP level 7. HP: 66/66 MP: 6/6
  3838 | D:5      | Entered Level 5 of the Dungeon
  4099 | D:6      | Found a blossoming altar of Fedhas.
  4123 | D:6      | Reached skill level 9 in Unarmed Combat
  4435 | D:6      | Found a staircase to the Ecumenical Temple.
  4441 | Temple   | Entered the Ecumenical Temple
  4507 | Temple   | Became a worshipper of Warmaster Okawaru
  4507 | Temple   | Reached * piety under Okawaru
  4507 | Temple   | Reached ** piety under Okawaru
  5448 | D:6      | Reached skill level 1 in Invocations
  5448 | D:6      | Reached XP level 8. HP: 74/74 MP: 7/7
  5672 | D:7      | Found a shadowy altar of Dithmenos.
  6844 | D:8      | Reached XP level 9. HP: 84/84 MP: 10/10
  6891 | D:8      | Reached skill level 10 in Unarmed Combat
  6907 | D:8      | Reached *** piety under Okawaru
  7197 | D:8      | Noticed a two-headed ogre
  7207 | D:8      | Killed a two-headed ogre
  7207 | D:8      | Reached **** piety under Okawaru
  7207 | D:8      | Reached skill level 5 in Fighting
  7207 | D:8      | Reached skill level 5 in Dodging
  7557 | D:9      | Reached skill level 5 in Invocations
  7557 | D:9      | Reached XP level 10. HP: 79/96 MP: 12/12
  7586 | D:9      | Found a staircase to the Lair.
  7597 | D:9      | HP: 4/96 [warg (14)]
  7598 | D:9      | Slain by an orc

Skill      XL: |  1  2  3  4  5  6  7  8  9 |
---------------+----------------------------+-----
Unarmed Combat | 4 5 6 7 8 9 10 | 10.7
Invocations    | 1 3 5 |  5.0
Fighting       | 4 5 |  5.5
Dodging        | 4 5 |  5.5
Stealth        | |  1.0

Action                   |  1- 3 |  4- 6 |  7- 9 | 10-12 || total
-------------------------+-------+-------+-------+-------++-------
Melee: Unarmed           |   128 |   102 |   287 |    10 ||   527
       Punch             |     1 |     4 |    10 |       ||    15
Throw: Large rock        |       |       |     2 |       ||     2
Invok: Heroism           |       |       |     5 |     1 ||     6
  Use: Scroll            |       |     5 |     5 |       ||    10
       Potion            |       |       |     1 |     1 ||     2
 Stab: Sleeping          |     4 |       |     7 |       ||    11
       Distracted        |       |       |     2 |       ||     2
  Eat: Chunk             |    19 |    10 |    41 |     1 ||    71
       Fruit             |       |       |     5 |       ||     5
Armor: Robe              |    36 |    21 |    45 |       ||   102
Dodge: Dodged            |    62 |    59 |   153 |     7 ||   281
